 Dungeon Crawl Stone Soup version 0.29-a0-559-g359e09b9d1 (webtiles) character file.

Game seed: 9250186118942041200

161 vulpzor the Sneak (level 5, 0/42 HPs)
             Began as a Naga Enchanter on June 11, 2022.
             Was a Priest of Ru.
             Slain by a goblin
             ... wielding a +0 club
             ... led by Robin
              (4 damage)
             ... on level 3 of the Dungeon.
             The game lasted 00:16:32 (3332 turns).

vulpzor the Sneak (Naga Enchanter)                  Turns: 3332, Time: 00:16:33

Health: 0/42       AC:  3    Str: 14    XL:     5   Next: 42%
Magic:  3/9        EV: 10    Int: 15    God:    Ru [***...]
Gold:   115        SH:  0    Dex: 13    Spells: 1/9 levels left

rFire   . . .      SeeInvis +   a - +1 dagger
rCold   . . .      Faith    .   (no shield)
rNeg    . . .      Spirit   .   j - +1 robe of Fresh Music {Will+ Str+3}
rPois   +          Reflect  .   (no helmet)
rElec   .          Harm     .   (no cloak)
rCorr   .          Rampage  .   (no gloves)
Will    +....                   (no barding)
Stlth   +++.......              (no amulet)
HPRegen 0.14/turn               n - ring of poison resistance
MPRegen 0.11/turn               o - ring of wizardry

@: very slow
A: AC +1, large, see invisible, deformed body, poison resistance, slowness 2,
spit poison 1, hated by all, inability to train armour, naga tail 1
a: Spit Poison, Renounce Religion, Draw Out Power


You were on level 3 of the Dungeon.
You worshipped Ru.
Ru was most pleased with you.
You visited 1 branch of the dungeon, and saw 4 of its levels.

You collected 115 gold pieces.

Inventory:

Hand Weapons
 a - a +1 dagger (weapon)
 q - a +0 war axe of flaming
Armour
 b - a +0 robe
 j - the +1 robe of Fresh Music (worn) {Will+ Str+3}
   (You found it on level 2 of the Dungeon)

   Str:       It affects your strength (+3).
   Will:      It increases your willpower.
Jewellery
 n - a ring of poison resistance (left hand)
 o - a ring of wizardry (right hand)
Wands
 p - a wand of flame (16)
Scrolls
 e - 2 scrolls of fog {unknown}
 f - a scroll of blinking
 h - a scroll of teleportation
 l - a scroll of identify {unknown}
Potions
 c - a potion of invisibility
 d - a potion of might {unknown}
 g - 3 potions of heal wounds {unknown}
 i - a potion of haste {unknown}
 k - a potion of brilliance {unknown}
 m - a potion of attraction {unknown}


   Skills:
 + Level 2.4 Short Blades
 + Level 2.4 Dodging
 + Level 5.6 Stealth
 + Level 2.8 Spellcasting
 + Level 3.7 Hexes


You had one spell level left.
You knew the following spells:

 Your Spells              Type           Power      Damage    Failure   Level
a - Ensorcelled Hibernat  Hex/Ice        14%        N/A       6%          2
b - Confusing Touch       Hex            13%        N/A       5%          3
c - Dazzling Flash        Conj/Hex       14%        N/A       12%         3

Your spell library contained the following spells:

 Spells                   Type           Power      Damage    Failure   Level
 Tukima's Dance           Hex            Unusable   N/A       N/A         3

Dungeon Overview and Level Annotations

Branches:
Dungeon (4/15)
 Temple: D:4-7

Altars:
Ru

Shops:
D:2 :

Annotations:
D:3 Robin


Innate Abilities, Weirdness & Mutations

Your serpentine skin is tough. (AC +1)
You have supernaturally acute eyesight. (SInv)
Armour fits poorly on your strangely shaped body.
Your system is resistant to poisons. (rPois)
You cover ground very slowly.
You can spit poison.
You are hated by all.
You cannot train Armour skill.
You have a snake-like lower body.


Message History

The goblin barely misses you.
You hear a shout!
Robin throws the goblin at you!
You hit the goblin.
You kill the goblin!
The goblin hits you but does no damage. The goblin attacks as you move away!
The goblin hits you with a +0 club.
You focus your inner power and illuminate the goblin in retribution!
The goblin no longer looks unusually strong.
The goblin shoots a sling bullet.
The sling bullet hits you.
You see here a +0 club.
The goblin attacks as you move away! The goblin hits you but does no damage.
The goblin no longer looks unusually strong.
The goblin hits you but does no damage. Robin throws the goblin at you!
The goblin is stunned by your conviction and fails to attack.
The goblin barely misses you. The goblin hits you but does no damage.
Robin throws the goblin at you!
Robin roars a battlecry!
The goblins go into a battle-frenzy!
The goblin hits you with a +0 club.
Your magical contamination has completely faded away.
The goblin hits you but does no damage. Robin throws the goblin at you!
The goblin unwields a +0 hunting sling.
The goblin wields a +0 dagger.
The goblin hits you with a +0 dagger.
* * * LOW HITPOINT WARNING * * *
The goblin attacks as you move away! The goblin hits you but does no damage.
The goblin no longer looks unusually strong.
Robin roars a battlecry!
The goblin goes into a battle-frenzy!
The goblin misses you. The goblin hits you with a +0 dagger.
* * * LOW HITPOINT WARNING * * *
The goblin barely misses you.
You redirect the goblin's attack!
The goblin hits itself with a +0 club!
The goblin dies!
There is an escape hatch in the ceiling here.
The goblin hits you with a +0 dagger.
* * * LOW HITPOINT WARNING * * *
The goblin barely misses you. The goblin hits you with a +0 club.
You die...

#...###...#........###.##....#
##........######.##.........####
##.......#.# ##.###.....#..?...
#.(........# ###..##....##...###.
#.........## #...##.....#........
#.........####......#)....#...###
#........>##......gg.)...........
#..............ggg..........#####
##.........#....@g........#.#####
#.........#....).....####.......#
#....................# ####.##..
#............#......## ..# .
#..<.......###.....## #....
#.........###.......# ##..
##........# #.[.....# ..
#......#####.......#
#.................####


You could see Robin, a hobgoblin (strong) and 4 goblins.

Vanquished Creatures
  Terence (D:3)
  An orc wizard (D:3)
  3 adders (D:2)
  2 worms (D:2)
  2 dart slugs (D:1)
  4 orcs (D:3)
  7 ball pythons
  5 bats
  4 endoplasms
  4 giant cockroaches
  9 goblins
  7 hobgoblins
  4 jackals (D:2)
  3 kobolds
  3 quokkas (D:1)
  2 frilled lizards
  8 rats
69 creatures vanquished.

Vanquished Creatures (others)
  A goblin (D:3)
1 creature vanquished.

Grand Total: 70 creatures vanquished

Notes
Turn   | Place    | Note
-------+----------+-------------------------------------------
     0 | D:1      | vulpzor the Naga Enchanter began the quest for the Orb.
     0 | D:1      | Reached XP level 1. HP: 15/15 MP: 3/3
    30 | D:1      | Found a faded altar of an unknown god.
    38 | D:1      | Prayed at the altar of an unknown god.
    38 | D:1      | Became a worshipper of Ru the Awakened
    42 | D:1      | Gained mutation: You are hated by all. [Ru sacrifice]
    42 | D:1      | Reached * piety under Ru
   258 | D:1      | Reached XP level 2. HP: 22/22 MP: 5/5
   261 | D:1      | Learned a level 2 spell: Ensorcelled Hibernation
  1327 | D:1      | Reached XP level 3. HP: 28/28 MP: 6/6
  1589 | D:2      | Found Zoabruc's Book Shoppe.
  1599 | D:2      | Reached skill level 5 in Stealth
  1728 | D:2      | Reached XP level 4. HP: 36/36 MP: 7/7
  2219 | D:2      | Identified the +1 robe of Fresh Music {Will+ Str+3}
  2695 | D:3      | Noticed Terence
  2705 | D:3      | Killed Terence
  2706 | D:3      | Reached XP level 5. HP: 42/42 MP: 1/8
  2713 | D:3      | Gained mutation: You cannot train Armour skill. [Ru
                  | sacrifice]
  2713 | D:3      | Reached ** piety under Ru
  2713 | D:3      | Reached *** piety under Ru
  3027 | D:3      | Learned a level 3 spell: Confusing Touch
  3031 | D:3      | Learned a level 3 spell: Dazzling Flash
  3045 | D:3      | Identified the +1 helmet of the Alphagorgon {-Cast rF+++
                  | rC- Slay+4}
  3045 | D:3      | Noticed Robin
  3332 | D:3      | Slain by a goblin

Illustrated notes

Levels and vault maps discovered:
D:1:      co_arrival_random_square_maze, layout_basic,
          chequers_ecumenical_altar_simple
D:2:      layout_basic, serial_shops, shop, grunt_decor_clamped,
          minmay_tetromino_o2
D:3:      layout_rooms, minivault_19, uniq_robin, uniq_terence
D:4:      layout_loops_ring, dk_noncrumbling_2, nicolae_shop_fire_sale
          [nicolae_sub_dead_trees], serial_park_tiny_pond, minmay_crystal_water,
          uniq_sigmund

Skill      XL: |  1  2  3  4 |
---------------+-------------+-----
Dodging        | 2 |  2.4
Stealth        | 5 |  5.6
Short Blades   | 2 |  2.4
Spellcasting   | |  2.8
Hexes          | |  3.7

Action                   |  1- 3 |  4- 6 || total
-------------------------+-------+-------++-------
Melee: Dagger            |   101 |   127 ||   228
       Punch             |       |     2 ||     2
 Cast: Ensorcelled Hiber |     1 |    15 ||    16
Invok: Sacrifice Love    |     1 |       ||     1
       Sacrifice Durabil |       |     1 ||     1
  Use: Scroll            |     2 |     3 ||     5
       Potion            |       |     1 ||     1
 Stab: Sleeping          |     9 |    13 ||    22
       Distracted        |       |     1 ||     1
       Invisible         |       |     1 ||     1
Armor: Robe              |    23 |    56 ||    79
Dodge: Dodged            |    54 |   115 ||   169

Table legend: (Time is in decaauts)
 A = Elapsed time spent in this place.
 B = Non-inter-level travel time spent in this place.
 C = Inter-level travel time spent in this place.
 D = Time resting spent in this place.
 E = Time spent auto-exploring this place.
 F = Levels seen in this place.
 G = Mean time per level.
                   A        B        C        D        E       F      G
               +--------+--------+--------+--------+--------+-----+--------+
         Total |   3989 |   3989 |      0 |    548 |   2413 |   4 |  997.2 |
       Dungeon |   3989 |   3989 |      0 |    548 |   2413 |   4 |  997.2 |
               +--------+--------+--------+--------+--------+-----+--------+

Top non-repeatable levels by time:
     D:1: 1861 daAuts
     D:2: 1334 daAuts
     D:3: 557 daAuts
     D:4: 236 daAuts
